 Dungeon Crawl Stone Soup version 0.30.1 (webtiles) character file.

Game seed: 11990400793021383115

42 Heoruswealwe the Shooter (level 3, -4/30 HPs)
             Began as a Demigod Hunter on July 11, 2023.
             Killed from afar by Crazy Yiuf (6 damage)
             ... with a puff of flame
             ... on level 2 of the Dungeon.
             The game lasted 00:10:01 (1280 turns).

Heoruswealwe the Shooter (Demigod Hunter)           Turns: 1280, Time: 00:10:02

Health: -4/30      AC:  6    Str: 12    XL:     3   Next: 17%
Magic:  4/5        EV: 12    Int: 11    God:
Gold:   132        SH:  0    Dex: 21    Spells: 2/2 levels left

rFire   . . .        a - +0 shortbow
rCold   . . .        (shield currently unavailable)
rNeg    . . .        c - +0 leather armour
rPois   .            (no helmet)
rElec   .            (no cloak)
rCorr   .            (no gloves)
SInv    .            e - +2 pair of boots
Will    .....        (no amulet)
Stlth   ++           (no ring)
HPRegen 0.25/turn    (no ring)
MPRegen 0.09/turn

%: no passive effects
@: no status effects
A: high MP 1, forlorn, divine attributes
a: no special abilities


You were on level 2 of the Dungeon.
You visited 1 branch of the dungeon, and saw 2 of its levels.

You collected 132 gold pieces.

Inventory:

Hand Weapons
 a - a +0 shortbow (weapon)
Armour
 c - a +0 leather armour (worn)
 e - a +2 pair of boots (worn)
Scrolls
 b - a scroll of immolation
 d - 2 scrolls of teleportation {unknown}
 f - a scroll of silence {unknown}
 g - a scroll of enchant weapon {unknown}
 h - a scroll of vulnerability {unknown}
 i - a scroll of magic mapping {unknown}
 j - a scroll of identify {unknown}


   Skills:
 + Level 2.7 Fighting
 + Level 4.2 Ranged Weapons
 - Level 1.7 Dodging
 - Level 0.8 Stealth


You had 2 spell levels left.
You didn't know any spells.
Your spell library contained the following spells:

 Spells                   Type           Power      Damage    Failure   Level
 Summon Guardian Golem    Hex/Summ       0%         N/A       80%         3
 Orb of Destruction       Conj           0%         9d5       100%        7
 Spellforged Servitor     Conj/Summ      0%         N/A       100%        7


Dungeon Overview and Level Annotations

Branches:
Dungeon (2/15)

Annotations:
D:2 Crazy Yiuf


Innate Abilities, Weirdness & Mutations

You have an increased reservoir of magic. (+10% MP)
You shall have no god before yourself.
Your divine heritage dramatically boosts your attributes as you level up.


Message History

Things that are here:
a +0 dagger; a stone
Found a stone staircase leading down.
You open the door.
There is an open door here.
Things that are here:
a +0 dagger; a stone You open the door.
There is an open door here.
Found a hammer.
Found a runed translucent door.
Crazy Yiuf shouts!
Crazy Yiuf says, "Spliff!
Rifle ragdoll unthinkable."
You open the door.
Crazy Yiuf cries, "Castle broken meccalolo!"
You shoot an arrow.
The arrow hits Crazy Yiuf but does no damage.
Crazy Yiuf zaps a wand.
The puff of flame hits you.
You shoot an arrow. The arrow hits Crazy Yiuf.
Crazy Yiuf is lightly wounded.
Crazy Yiuf hits you with a +2 quarterstaff of chaos.
You feel your power leaking away.
Crazy Yiuf zaps a wand.
The puff of flame misses you.
You shoot an arrow. The arrow closely misses Crazy Yiuf.
Crazy Yiuf closely misses you.
You shoot an arrow.
The arrow hits Crazy Yiuf but does no damage.
Crazy Yiuf is lightly wounded.
Crazy Yiuf zaps a wand.
The puff of flame hits you! Crazy Yiuf closely misses you.
You are too injured to fight recklessly!
Fire: a) +0 shortbow
Press: ? - help, Q - select action Shift-Dir - straight line, f/p - Crazy Yiuf
Aim: Crazy Yiuf, wielding a +2 quarterstaff of chaos, wearing a +2 cloak and carrying a wand of flame (4) (lightly wounded, 69% to hit)
You shoot an arrow. The arrow hits Crazy Yiuf.
Crazy Yiuf is lightly wounded.
Crazy Yiuf hits you with a +2 quarterstaff of chaos!
* * * LOW HITPOINT WARNING * * *
You aren't carrying any potions.
Crazy Yiuf zaps a wand.
The puff of flame hits you.
You die...

..###.##>........# #.#
#.# ......#######'####
#.### #.# ####..# ###
##..# #.# ..##..#
##.###.# .#.#..# ###
#......# #..#..###.####
### ##.#####
#).#....'....# ###..)#
#.#
#..#.###.....#####g'...#
#.# #..#.#
##......#@.##...# #.#
#.#..# ##....#.### ###
#.# ##..## ######## ##.#
#....# #..# .....# ###
####### ...#.# #.# #.#
####.# ####.## #.# #.#
#.....## #.# #.#
#......# #.#


You could see Crazy Yiuf.

Vanquished Creatures
  An adder (D:2)
  3 ball pythons
  2 endoplasms (D:2)
  2 giant cockroaches (D:1)
  2 goblins
  A hobgoblin (D:1)
  8 jackals
  2 bats (D:1)
  2 frilled lizards (D:1)
  5 kobolds
  A rat (D:1)
29 creatures vanquished.

Notes
Turn   | Place    | Note
-------+----------+-------------------------------------------
     0 | D:1      | Heoruswealwe the Demigod Hunter began the quest for the
                  | Orb.
     0 | D:1      | Reached XP level 1. HP: 17/17 MP: 3/3
   537 | D:1      | Reached XP level 2. HP: 24/24 MP: 4/4
   616 | D:1      | Reached skill level 4 in Ranged Weapons
  1019 | D:2      | Reached XP level 3. HP: 30/30 MP: 5/5
  1269 | D:2      | Found a runed translucent door.
  1270 | D:2      | Noticed Crazy Yiuf
  1278 | D:2      | HP: 1/30 [Crazy Yiuf/+2 quarterstaff of chaos (11)]
  1280 | D:2      | Killed from afar by Crazy Yiuf

Illustrated notes

Levels and vault maps discovered:
D:1:      dpeg_arrival_brainrot, layout_basic, hangedman_decor_points,
          corexii_leaking_fountain
D:2:      layout_loops_corners, minmay_3d_cube, uniq_terence,
          uniq_crazy_yiuf_cottage

Skill      XL: |  1  2 |
---------------+-------+-----
Fighting       | 2 |  2.7
Ranged Weapons | 4 |  4.2
Dodging        | |  1.7
Stealth        | |  0.8

Action                     || total
---------------------------++-------
   Fire: Shortbow          ||    57
 Armour: Leather armour    ||    14
  Dodge: Dodged            ||    20
